 Dungeon Crawl Stone Soup version 0.29-a0-416-g83a48905f1 (webtiles) character file.

Game seed: 9278725883818816520

18 Hubjo the Firebug (level 2, 0/16 HPs)
             Began as a Deep Elf Fire Elementalist on May 16, 2022.
             Succumbed to an adder's poison
             ... on level 2 of the Dungeon.
             The game lasted 00:01:48 (1155 turns).

Hubjo the Firebug (Deep Elf Fire Elementalist)      Turns: 1155, Time: 00:01:49

Health: 0/16       AC:  2    Str:  5    XL:     2   Next: 51%
Magic:  0/8        EV: 12    Int: 19    God:
Gold:   55         SH:  0    Dex: 15    Spells: 6/7 levels left

rFire   . . .      SeeInvis .   (no weapon)
rCold   . . .      Faith    .   (no shield)
rNeg    . . .      Spirit   .   a - +0 robe
rPois   .          Reflect  .   (no helmet)
rElec   .          Harm     .   (no cloak)
rCorr   .          Rampage  .   (no gloves)
Will    .....                   (no boots)
Stlth   ++........              (no amulet)
HPRegen 0.05/turn               (no ring)
MPRegen 0.11/turn               (no ring)

@: lethally poisoned (0 -> -2)
A: no striking features
a: no special abilities


You were on level 2 of the Dungeon.
You visited 1 branch of the dungeon, and saw 2 of its levels.

You collected 55 gold pieces.

Inventory:

Armour
 a - a +0 robe (worn)
 g - a +0 ring mail of cold resistance
Scrolls
 c - a scroll of identify {unknown}
 d - a scroll of blinking {unknown}
 f - a scroll of magic mapping {unknown}
Potions
 b - a potion of magic
 e - 2 potions of brilliance {unknown}


   Skills:
 * Level 1.0 Fighting
 - Level 2.4 Dodging
 + Level 2.8 Stealth
 + Level 3.3 Spellcasting
 - Level 1.1 Conjurations
 + Level 3.5 Fire Magic


You had 6 spell levels left.
You knew the following spells:

 Your Spells              Type           Power      Damage    Failure   Level
a - Foxfire               Conj/Fire      44%        2x1d6     6%          1

Your spell library contained the following spells:

 Spells                   Type           Power      Damage    Failure   Level
 Scorch                   Fire           32%        2d6       5%          2
 Conjure Flame            Conj/Fire      11%        6-21      17%         3
 Inner Flame              Hex/Fire       9%         N/A       22%         3
 Flame Wave               Conj/Fire      11%        2d5       50%         4


Dungeon Overview and Level Annotations

Branches:
Dungeon (2/15)

Altars:

Shops:
D:1 (


Message History

Casting: Foxfire (safe; 6% risk of failure)
Confirm with . or Enter, or press ? or * to list all spells.
You don't have enough magic to cast this spell.
There is a stone staircase leading down here.
The jackal attacks as you move away!
The jackal bites you but does no damage.
The jackal bites you. The jackal bites you.
The jackal attacks as you move away! The jackal bites you.
Found a purple potion.
The jackal attacks as you move away! The jackal closely misses you.
Your magical contamination has completely faded away.
The jackal closely misses you.
Casting: Foxfire (safe; 6% risk of failure)
Confirm with . or Enter, or press ? or * to list all spells.
You conjure some foxfire!
The jackal bites you.
Your foxfire dissipates!
The jackal attacks as you move away! The jackal barely misses you.
The foxfire hits the jackal.
The jackal is severely wounded.
The jackal closely misses you.
An adder comes into view.
The adder hisses angrily.
The jackal barely misses you.
Casting: Foxfire (safe; 6% risk of failure)
Confirm with . or Enter, or press ? or * to list all spells.
You conjure some foxfire!
The jackal barely misses you.
Your foxfire dissipates!
The foxfire hits the jackal.
You kill the jackal!
The adder attacks as you move away! The adder bites you.
* * * LOW HITPOINT WARNING * * *
You are lethally poisoned!
The adder poisons you!
* * * LOW HITPOINT WARNING * * *
You feel sick.
* * * LOW HITPOINT WARNING * * *
You feel sick. The adder barely misses you. The adder attacks as you move away!
The adder closely misses you.
You die...

...♣≈ ≈≈≈≈
..≈♣≈≈♣≈≈
#.####.P♣P≈≈≈P
#....!.#≈≈≈≈≈P
######..≈♣
#.##P≈P≈P #S#
♣≈≈≈ #######.#
≈≈ ≈......@#
P≈P####.# ≈≈P≈
#.# ≈≈≈P#
##.#####.#
♣≈≈≈.
#........# ♣
≈≈≈≈##..#######
♣P♣♣≈.P#.>#
PPPP♣P≈#..#
PPPP≈♣≈P..#


You could see an adder.

Vanquished Creatures
  An endoplasm (D:1)
  4 goblins (D:1)
  3 hobgoblins (D:1)
  4 jackals (D:2)
  A bat (D:1)
  A frilled lizard (D:1)
  A kobold (D:1)
  A rat (D:1)
16 creatures vanquished.

Vanquished Creatures (collateral kills)
  11 foxfires (D:2)
11 creatures vanquished.

Vanquished Creatures (others)
  77 foxfires
  6 plants (D:2)
  2 withered plants (D:2)
85 creatures vanquished.

Grand Total: 112 creatures vanquished

Notes
Turn   | Place    | Note
-------+----------+-------------------------------------------
     0 | D:1      | Hubjo the Deep Elf Fire Elementalist began the quest for
                  | the Orb.
     0 | D:1      | Reached XP level 1. HP: 10/10 MP: 6/6
   641 | D:1      | Reached XP level 2. HP: 16/16 MP: 5/8
   790 | D:1      | Found Idugg's Weapon Shoppe.
  1107 | D:2      | Reached skill level 1 in Fighting
  1155 | D:2      | Succumbed to an adder's poison

Illustrated notes

Levels and vault maps discovered:
D:1:      lightli_arrival_chessboard, layout_basic, serial_shops, shop,
          minmay_misc_feat_diagonals, chequers_jeans
D:2:      layout_loops_ring, shapermc_ecumenical_altar_flowoftime, serial_shops,
          shop, serial_bayou, serial_bayou_pond_a, serial_bayou_crossing,
          serial_bayou_pond_d, serial_bayou_lake_a, kennysheep_small_spiral,
          minmay_hedge_maze, serial_bayou_lagoon_a, uniq_jessica

Skill      XL: |  1  2 |
---------------+-------+-----
Fighting       | 1 |  1.0
Dodging        | |  2.4
Stealth        | |  2.8
Spellcasting   | |  3.3
Conjurations   | |  1.1
Fire Magic     | |  3.5

Action                   || total
-------------------------++-------
Melee: Unarmed           ||     1
 Cast: Foxfire           ||    59
Armor: Robe              ||     4
Dodge: Dodged            ||    27

Table legend: (Time is in decaauts)
 A = Elapsed time spent in this place.
 B = Non-inter-level travel time spent in this place.
 C = Inter-level travel time spent in this place.
 D = Time resting spent in this place.
 E = Time spent auto-exploring this place.
 F = Levels seen in this place.
 G = Mean time per level.
                   A        B        C        D        E       F      G
               +--------+--------+--------+--------+--------+-----+--------+
         Total |   1156 |   1156 |      0 |      0 |    939 |   2 |  578.0 |
       Dungeon |   1156 |   1156 |      0 |      0 |    939 |   2 |  578.0 |
               +--------+--------+--------+--------+--------+-----+--------+

Top non-repeatable levels by time:
     D:1: 1093 daAuts
     D:2: 63 daAuts
